 Dungeon Crawl Stone Soup version 0.27-a0-1308-gc08437e49b (webtiles) character file.

Game seed: 1234649905388441139

35872 porpoise the Severer (level 13, -1/118 HPs)
             Began as a Minotaur Berserker on June 19, 2021.
             Was an Elder of Trog.
             Slain by a blink frog (12 damage)
             ... on level 1 of the Lair of Beasts.
             The game lasted 00:33:36 (17390 turns).

porpoise the Severer (Minotaur Berserker)          Turns: 17390, Time: 00:33:37

Health: -1/118     AC: 14    Str: 23    XL:     13   Next: 49%
Magic:  0/7        EV: 11    Int:  5    God:    Trog [****..]
Gold:   908        SH:  0    Dex: 13    Spells: 12/12 levels left

rFire    + . .     SeeInvis .   a - +5 battleaxe (antimagic)
rCold    + . .     Faith    .   (shield currently unavailable)
rNeg     . . .     Spirit   +   y - +0 chain mail
rPois    .         Reflect  .   (helmet restricted)
rElec    .         Harm     .   z - scarf {rC+ rF+}
rCorr    .         Rampage  .   k - +0 pair of gloves
Will     ++...                  u - +0 pair of boots
Stlth    ..........             q - amulet of guardian spirit
HPRegen  1.29/turn              r - ring of magical power
MPRegen  0.10/turn              (no ring)

@: strong-willed, regenerating
A: horns 2, retaliatory headbutt
a: Renounce Religion, Berserk, Trog's Hand, Brothers in Arms


You were on level 1 of the Lair of Beasts.
You worshipped Trog.
Trog was greatly pleased with you.
You visited 2 branches of the dungeon, and saw 13 of its levels.

You collected 908 gold pieces.

Inventory:

Hand Weapons
 a - a +5 antimagic battleaxe (weapon)
 b - a +1 hunting sling of freezing
 n - the +9 dagger "Jickit" {vorpal, Contam rN++ Str+8}
   (You found it on level 5 of the Dungeon)

   It inflicts extra damage upon your enemies.
   It affects your strength (+8).
   It greatly protects you from negative energy.
   It causes magical contamination when unequipped.
 w - a +1 war axe of flaming
 Q - a +0 hand axe of holy wrath
Missiles
 d - 138 arrows
 g - 75 sling bullets
 o - 97 bolts
 t - 48 poisoned darts (quivered)
 x - 17 boomerangs
 A - 4 curare-tipped darts
 G - 7 atropa-tipped darts
 I - 2 javelins
 J - 3 throwing nets
Armour
 k - a +0 pair of gloves (worn)
 l - a scarf of repulsion
 u - a +0 pair of boots (worn)
 y - a +0 chain mail (worn)
 z - a scarf of resistance (worn)
 L - the +0 scale mail of the Trout {rElec Will- Str+10}
   (You found it on level 10 of the Dungeon)

   It affects your strength (+10).
   It insulates you from electricity.
   It decreases your willpower.
Jewellery
 q - an amulet of guardian spirit (around neck)
 r - a ring of magical power (left hand)
Wands
 E - a wand of paralysis (16)
 H - a wand of mindburst (18)
 O - a wand of charming (5)
 P - a wand of digging (2)
 U - a wand of flame (8)
Scrolls
 e - 3 scrolls of magic mapping
 j - 3 scrolls of enchant weapon
 C - 2 scrolls of fear
 F - 2 scrolls of teleportation
 R - a scroll of brand weapon
 S - a scroll of noise
Potions
 c - a potion of mutation
 f - a potion of berserk rage
 h - 2 potions of lignification
 i - 4 potions of might
 m - 3 potions of flight
 p - a potion of ambrosia
 v - 2 potions of resistance
 B - 6 potions of haste
 K - a potion of heal wounds {unknown}
 M - 3 potions of curing
 T - a potion of magic {unknown}
Miscellaneous
 D - a condenser vane


   Skills:
 - Level 12.0 Fighting
 + Level 17.0 Axes
 - Level 5.3 Throwing
 - Level 9.0 Armour
 + Level 7.4 Dodging
 - Level 7.1 Evocations


You had 12 spell levels left.
You didn't know any spells.
Your spell library was empty.

Dungeon Overview and Level Annotations

Branches:
Dungeon (12/15)            Temple (0/1) D:6            Lair (1/6) D:11
    Orc (0/2) D:9

Altars:
Ashenzari
Dithmenos
Fedhas
Gozag
Hepliaklqana
Kikubaaqudgha
Okawaru
Qazlal
Ru
Sif Muna
Trog
Vehumet
Wu Jian
Zin


Innate Abilities, Weirdness & Mutations

You have a pair of horns on your head.
You reflexively headbutt those who attack you in melee.


Message History

You hit the yak but do no damage. The blink frog hits you!
* * * LOW HITPOINT WARNING * * *
The yak barely misses you.
You barely miss the yak. Your headbutt misses the yak.
The yak is moderately wounded.
You closely miss the blink frog.
The blink frog falters for a moment.
The yak barely misses you.
You hit the blink frog.
The blink frog's magic leaks into the air.
Your headbutt misses the blink frog.
The blink frog is almost dead.
You hit the yak but do no damage.
The blink frog hits you but does no damage.
The blink frog blinks! x2; The yak barely misses you.
The blink frog falters for a moment.
You slash the blink frog!
You kill the blink frog!
Trog accepts your kill.
You barely miss the yak.
The blink frog blinks!
You slice the yak!! You headbutt the yak.
You kill the yak!
Trog accepts your kill.
The blink frog blinks!
Your skin crawls.
You feel strong-willed. The blink frog hits you.
* * * LOW HITPOINT WARNING * * *
The blink frog falters for a moment.
The blink frog hits you!
* * * LOW HITPOINT WARNING * * *
You slice the blink frog!!
The blink frog's magic leaks into the air.
The blink frog is severely wounded.
The blink frog hits you but does no damage.
You miss the blink frog. Your headbutt misses the blink frog.
The blink frog is severely wounded.
The blink frog blinks!
The blink frog completely misses you.
You closely miss the blink frog. Your headbutt misses the blink frog.
The blink frog is severely wounded.
The blink frog hits you!
You die...

##.#P###.P#
##### #.## # #.#
# ##.#### #
#...#.# #
##.#...### #
##..##....##
###..####.#..###
#...## ####..@#
##..# ####FF#
###.### Y....
....## .......
.#...# ..(....
##....# ยง.(!(..
###......
F.(.... P.....
......( #......


You could see a yak and 3 blink frogs.

Vanquished Creatures
  Harold (D:9)
  2 hydras
  Erica (D:11)
  5 death yaks (D:11)
  A deep elf pyromancer (D:12)
  2 ugly things (D:12)
  2 manticores (D:11)
  4 centaur zombies
  3 komodo dragons
  2 kobold demonologists
  2 blink frogs (Lair:1)
  Grinder (D:6)
  2 trolls
  7 slime creatures
  A raiju (shapeshifter) (D:10)
  Eustachio (D:6)
  2 wraiths
  A ynoxinul (D:10)
  23 yaks
  2 vampires
  2 vampire mosquitoes (D:11)
  An acid dragon (D:12)
  2 water moccasins
  A swamp drake (D:9)
  3 ice beasts
  2 black bears (D:6)
  2 sky beasts
  4 orc warriors
  2 necrophages (D:6)
  2 centaurs (D:8)
  A phantom (D:4)
  7 bullfrogs
  3 kobold brigands
  A wyvern zombie (D:6)
  3 scorpions
  A water moccasin zombie (D:7)
  A water moccasin skeleton (D:6)
  15 wights
  A bullfrog zombie (D:5)
  5 howler monkeys
  6 orc priests
  4 centaur skeletons
  3 hounds
  A jelly (D:5)
  3 iguanas
  8 orc wizards
  2 killer bee zombies (D:7)
  A howler monkey zombie (D:9)
  4 gnolls (D:3)
  A howler monkey skeleton (D:7)
  9 adders
  2 shadow imps
  A white imp (D:3)
  An adder skeleton (D:4)
  2 worms
  6 dart slugs
  30 orcs
  3 ball pythons
  8 endoplasms
  3 giant cockroaches
  6 goblins
  9 hobgoblins
  11 jackals
  5 quokkas
  8 bats
  2 frilled lizards
  8 kobolds
  4 rats
  A bush (Lair:1)
276 creatures vanquished.

Vanquished Creatures (others)
  3 fungi (Lair:1)
  7 plants (Lair:1)
10 creatures vanquished.

Grand Total: 286 creatures vanquished

Notes
Turn   | Place    | Note
-------+----------+-------------------------------------------
     0 | D:1      | porpoise the Minotaur Berserker began the quest for the
                  | Orb.
     0 | D:1      | Reached XP level 1. HP: 19/19 MP: 0/0
   269 | D:1      | Reached skill level 4 in Axes
   269 | D:1      | Reached XP level 2. HP: 25/27 MP: 1/1
   330 | D:1      | Found a faded altar of an unknown god.
   683 | D:1      | Found a shadowy altar of Dithmenos.
   780 | D:2      | Reached ** piety under Trog
   991 | D:2      | Reached XP level 3. HP: 29/34 MP: 2/2
  1844 | D:3      | Found an ornate altar of the Wu Jian Council.
  1904 | D:3      | Reached skill level 5 in Fighting
  1904 | D:3      | Reached skill level 5 in Axes
  1904 | D:3      | Reached XP level 4. HP: 29/42 MP: 3/3
  2171 | D:3      | Reached XP level 5. HP: 42/48 MP: 4/4
  2565 | D:3      | Found a transporter.
  2575 | D:3      | Found a transporter.
  2630 | D:3      | Found a shadowy altar of Dithmenos.
  2870 | D:3      | Reached *** piety under Trog
  3301 | D:4      | Reached skill level 6 in Axes
  3371 | D:4      | You fall into a shaft and drop 3 floors!
  3481 | D:7      | Reached XP level 6. HP: 44/58 MP: 5/5
  3746 | D:5      | Entered Level 5 of the Dungeon
  3973 | D:4      | Reached skill level 7 in Axes
  4231 | D:5      | Reached XP level 7. HP: 66/66 MP: 6/6
  4945 | D:5      | Reached skill level 8 in Axes
  5006 | D:5      | Identified the +9 dagger "Jickit" {vorpal, Contam rN++
                  | Str+8}
  5300 | D:6      | Noticed Eustachio
  5318 | D:6      | Killed Eustachio
  5319 | D:6      | Reached XP level 8. HP: 70/75 MP: 7/7
  5382 | D:6      | Found a staircase to the Ecumenical Temple.
  5413 | D:6      | Reached skill level 9 in Axes
  5653 | D:6      | Reached skill level 10 in Axes
  5653 | D:6      | Reached skill level 5 in Armour
  5713 | D:6      | Reached **** piety under Trog
  5714 | D:6      | Reached XP level 9. HP: 79/83 MP: 8/8
  5735 | D:6      | Noticed Grinder
  5740 | D:6      | Paralysed by Grinder for 6 turns
  5747 | D:6      | Killed Grinder
  6024 | D:6      | Reached skill level 11 in Axes
  6255 | D:6      | Found a glowing silver altar of Zin.
  6255 | D:6      | Noticed an angel
  6747 | D:7      | Found an iron altar of Okawaru.
  6748 | D:7      | Found a sacrificial altar of Ru.
  6748 | D:7      | Found a broken altar of Ashenzari.
  6748 | D:7      | Found a stormy altar of Qazlal.
  6749 | D:7      | Found a blossoming altar of Fedhas.
  6751 | D:7      | Found a radiant altar of Vehumet.
  6752 | D:7      | Found an opulent altar of Gozag.
  6753 | D:7      | Found an ancient bone altar of Kikubaaqudgha.
  7913 | D:8      | Reached skill level 12 in Axes
  7913 | D:8      | Reached skill level 5 in Dodging
  7943 | D:8      | Found a hazy altar of Hepliaklqana.
  7959 | D:8      | Found a faded altar of an unknown god.
  8426 | D:8      | Reached XP level 10. HP: 89/91 MP: 9/9
  9230 | D:9      | Noticed Harold
  9256 | D:9      | Killed Harold
  9257 | D:9      | Reached skill level 13 in Axes
  9800 | D:9      | Found a staircase to the Orcish Mines.
  9816 | D:9      | Reached skill level 1 in Evocations
 10532 | D:10     | Entered Level 10 of the Dungeon
 10584 | D:10     | Reached skill level 14 in Axes
 10836 | D:10     | Identified the +0 scale mail of the Trout {rElec Will-
                  | Str+10}
 11276 | D:10     | Found a shimmering blue altar of Sif Muna.
 11291 | D:10     | Reached skill level 10 in Fighting
 11373 | D:10     | Reached XP level 11. HP: 55/99 MP: 10/10
 11743 | D:10     | Identified Sif Muna's Reference Book on Transformation
 11748 | D:10     | Found a bloodstained altar of Trog.
 12744 | D:11     | Noticed Erica
 12755 | D:11     | Killed Erica
 12910 | D:11     | Noticed a seven-headed hydra
 12916 | D:11     | Killed a six-headed hydra
 13670 | D:11     | Reached ***** piety under Trog
 13671 | D:11     | Reached skill level 5 in Evocations
 13845 | D:11     | Noticed a death yak
 13845 | D:11     | Noticed a death yak
 13854 | D:11     | Noticed a death yak
 13855 | D:11     | Noticed a death yak
 13858 | D:11     | Noticed a death yak
 13863 | D:11     | Killed a death yak
 13864 | D:11     | Reached skill level 15 in Axes
 13866 | D:11     | Killed a death yak
 13869 | D:11     | Killed a death yak
 13874 | D:11     | Killed a death yak
 13876 | D:11     | Killed a death yak
 14119 | D:11     | Found a staircase to the Lair.
 14453 | D:12     | Noticed a deep elf pyromancer
 14460 | D:11     | Received a gift from Trog
 14620 | D:12     | Killed a deep elf pyromancer
 14621 | D:12     | Reached XP level 12. HP: 66/112 MP: 3/11
 15129 | D:12     | Reached skill level 16 in Axes
 15758 | D:12     | Found a sacrificial altar of Ru.
 16572 | Lair:1   | Entered Level 1 of the Lair of Beasts
 17328 | Lair:1   | Reached skill level 5 in Throwing
 17328 | Lair:1   | Reached XP level 13. HP: 118/118 MP: 12/12
 17372 | Lair:1   | Reached skill level 17 in Axes
 17390 | Lair:1   | Slain by a blink frog

Illustrated notes

Levels and vault maps discovered:
D:1:      mrwooster_arrival_statue, layout_rooms,
          ebering_ecumenical_altar_petrified, minmay_hexomino_r4
D:2:      layout_loops_cross
D:3:      minmay_angry_zag, layout_loops_ring, gammafunk_temple_overflow_arena
D:4:      layout_basic, portal_sewer_entry_f
D:5:      layout_gridville, moated_statue, hangedman_abyss_or_decor_passed
D:6:      layout_loops_ring, zin_angel, minmay_temple_entry_slanted,
          patterned_corridor, uniq_grinder, uniq_eustachio
D:7:      layout_basic, minitemple
D:8:      layout_basic, beargit_hepliaklqana_dungeon_heroes,
          grunt_decor_junction
D:9:      layout_loops_ring, erik_orc_1, uniq_harold
D:10:     layout_long_grid, nzn_overflow_gifts_of_might_and_magic
D:11:     layout_layer_cave, dpeg_lair_monsters, grunt_decor_one_mirror,
          grunt_decor_resistance, uniq_erica
D:12:     layout_gridville, minivault_16, drop_trap, nicolae_ru_path_of_blood
Lair:1:   layout_cave_pods, st_stairs_8, infiniplex_staircase_pool

Skill      XL: |  1  2  3  4  5  6  7  8  9 10 11 12 13 |
---------------+----------------------------------------+-----
Fighting       | 4 5 6 7 8 9 10 12 | 12.0
Axes           | 4 5 6 7 8 10 12 14 15 16 17 | 17.0
Armour         | 6 7 9 |  9.0
Dodging        | 6 7 |  7.4
Evocations     | 3 5 7 |  7.1
Throwing       | 5 |  5.3

Action                   |  1- 3 |  4- 6 |  7- 9 | 10-12 | 13-15 || total
-------------------------+-------+-------+-------+-------+-------++-------
Melee: Hand axe          |    81 |    51 |       |       |       ||   132
       Headbutt          |    12 |    16 |    43 |    91 |     6 ||   168
       War axe           |       |    25 |   211 |   276 |     4 ||   516
       Trident           |       |       |       |     9 |       ||     9
       Battleaxe         |       |       |       |    81 |    23 ||   104
 Fire: Hunting sling     |       |    50 |    43 |    64 |     5 ||   162
Throw: Boomerang         |       |       |     6 |       |       ||     6
       Dart              |       |       |       |     2 |       ||     2
Invok: Berserk           |       |     3 |     3 |     8 |       ||    14
       Trog's Hand       |       |       |       |       |     1 ||     1
  Use: Scroll            |       |    12 |     2 |     9 |       ||    23
       Potion            |       |       |       |     1 |       ||     1
 Stab: Sleeping          |     1 |       |       |       |       ||     1
Armor: Animal skin       |    14 |    15 |       |       |       ||    29
       Chain mail        |       |     2 |   132 |   136 |    11 ||   281
Dodge: Dodged            |    53 |    57 |    92 |   143 |    13 ||   358

Table legend: (Time is in decaauts)
 A = Elapsed time spent in this place.
 B = Non-inter-level travel time spent in this place.
 C = Inter-level travel time spent in this place.
 D = Time resting spent in this place.
 E = Time spent auto-exploring this place.
 F = Levels seen in this place.
 G = Mean time per level.
                   A        B        C        D        E       F      G
               +--------+--------+--------+--------+--------+-----+--------+
         Total |  17432 |  17012 |    420 |   6388 |   8598 |  13 | 1340.9 |
       Dungeon |  16614 |  16195 |    419 |   6242 |   8032 |  12 | 1384.5 |
          Lair |    818 |    818 |      0 |    145 |    566 |   1 |  818.0 |
               +--------+--------+--------+--------+--------+-----+--------+

Top non-repeatable levels by time:
    D:10: 2213 daAuts
    D:12: 1935 daAuts
     D:9: 1884 daAuts
    D:11: 1881 daAuts
     D:7: 1674 daAuts
     D:3: 1389 daAuts
     D:5: 1163 daAuts
     D:6: 1099 daAuts
     D:8: 970 daAuts
     D:2: 823 daAuts
  Lair:1: 818 daAuts
     D:4: 816 daAuts
     D:1: 763 daAuts
